 Dungeon Crawl Stone Soup version 0.30-a0-652-gcc886f7154 (webtiles) character file.

Game seed: 14085446579787608790

43 bande the Shield-Bearer (level 3, 0/24 HPs)
             Began as a Gargoyle Fighter on Jan 17, 2023.
             Slain by Terence
             ... wielding a +0 morningstar
              (10 damage)
             ... on level 2 of the Dungeon.
             The game lasted 00:01:51 (1092 turns).

bande the Shield-Bearer (Gargoyle Fighter)          Turns: 1092, Time: 00:01:52

Health: 0/24       AC: 10    Str: 19    XL:     3   Next: 58%
Magic:  3/3        EV:  9    Int:  8    God:
Gold:   76         SH:  4    Dex: 11    Spells: 2/2 levels left

rFire   . . .      SeeInvis .    a - +0 war axe
rCold   . . .      Faith    .    c - +0 buckler
rNeg    + . .      Spirit   .    b - +0 scale mail
rPois   ∞          Reflect  .    (no helmet)
rElec   +          Harm     .    (no cloak)
rCorr   .          Rampage  .    (no gloves)
Will    .....                    (no boots) Stlth
                                 (no amulet)
HPRegen 0.24/turn                (no ring)
MPRegen 0.08/turn                (no ring)

@: no status effects
A: sickness immunity, AC +3, negative energy resistance 1, electricity
resistance, torment resistance 1, petrification resistance
a: no special abilities


You were on level 2 of the Dungeon.
You visited 1 branch of the dungeon, and saw 2 of its levels.

You collected 76 gold pieces.

Inventory:

Hand Weapons
 a - a +0 war axe (weapon)
Armour
 b - a +0 scale mail (worn)
 c - a +0 buckler (worn)
Jewellery
 l - a ring of positive energy
Scrolls
 g - 4 scrolls of identify {unknown}
 j - 2 scrolls of magic mapping {unknown}
 k - a scroll of amnesia {unknown}
 m - a scroll of blinking {unknown}
Potions
 d - a potion of might
 e - a potion of brilliance {unknown}
 f - a potion of flight {unknown}
 h - a potion of lignification {unknown}
 i - a potion of curing {unknown}
 n - 2 potions of haste
 o - a potion of magic {unknown}


   Skills:
 + Level 3.6 Fighting
 + Level 2.3 Axes
 + Level 3.7 Armour
 - Level 0.1 Dodging
 + Level 3.7 Shields


You had 2 spell levels left.
You didn't know any spells.
Your spell library was empty.

Dungeon Overview and Level Annotations

Branches:
Dungeon (2/15)

Altars:
Uskayaw

Annotations:
D:2 Terence


Innate Abilities, Weirdness & Mutations

You are immune to sickness and miasma.
Your stone body is resilient. (AC +3)
You are immune to poison.
You resist negative energy. (rN+)
You are resistant to electric shocks. (rElec)
You are resistant to unholy torment.
You are immune to petrification.


Message History

No target in view!
You see here a frilled lizard corpse.
Found a robe.
Found an escape hatch in the ceiling.
j - 2 scrolls labelled GALIAP XYDIFOGG (gained 1)
You now have 76 gold pieces (gained 12).
A goblin comes into view. It is wielding a +0 club.
You closely miss the goblin. The goblin hits you with a +0 club.
You block the goblin's attack.
You barely miss the goblin. The goblin hits you but does no damage.
You barely miss the goblin. You block the goblin's attack.
The goblin hits you but does no damage.
You barely miss the goblin. The goblin hits you but does no damage.
You slash the goblin!
You kill the goblin!
No target in view!
No target in view!
No target in view!
No target in view!
You see here a +0 club.
Terence the Incautious comes into view.
He is wielding a +0 morningstar.
Terence shouts!
Terence is nearby!
Terence drinks a potion.
Terence seems to speed up.
You closely miss Terence. You block Terence's attack.
Terence hits you but does no damage.
You closely miss Terence.
Terence hits you with a +0 morningstar. x3
You hit Terence but do no damage. Terence hits you with a +0 morningstar.
Terence hits you but does no damage.
You closely miss Terence. Terence closely misses you.
Terence hits you with a +0 morningstar.
You are too injured to fight recklessly!
You are too injured to fight recklessly!
You are too injured to fight recklessly!
You are too injured to fight recklessly!
You are too injured to fight recklessly!
You are too injured to fight recklessly!
You are too injured to fight recklessly!
You barely miss Terence. Terence hits you with a +0 morningstar.
Terence hits you with a +0 morningstar!
You die...

### #.. #.# . #.#
...
#########.###.....
#.........@@...#
#.#######.........
#.# ######.### #.#
# #.# #.####
#####.##.##
#.........####
#.###........+ .


You could see Terence (fast).

Vanquished Creatures
  An adder (D:2)
  2 dart slugs (D:1)
  5 bats (D:1)
  2 endoplasms
  A giant cockroach (D:1)
  2 goblins
  2 hobgoblins (D:2)
  A quokka (D:1)
  5 ball pythons
  2 frilled lizards (D:2)
  4 kobolds
  2 rats
29 creatures vanquished.

Notes
Turn   | Place    | Note
-------+----------+-------------------------------------------
     0 | D:1      | bande the Gargoyle Fighter began the quest for the Orb.
     0 | D:1      | Reached XP level 1. HP: 14/14 MP: 1/1
    69 | D:1      | Reached XP level 2. HP: 19/19 MP: 2/2
   695 | D:2      | Reached XP level 3. HP: 23/23 MP: 3/3
   886 | D:2      | Found a hide-covered altar of Uskayaw.
  1084 | D:2      | Noticed Terence
  1092 | D:2      | Slain by Terence

Illustrated notes

Levels and vault maps discovered:
D:1:      nicolae_arrival_washed_ashore, layout_basic
D:2:      layout_loops_corners, basic_altar, uniq_terence

Skill      XL: |  1  2 |
---------------+-------+-----
Axes           | 2 |  2.3
Fighting       | |  3.6
Armour         | |  3.7
Dodging        | |  0.1
Shields        | |  3.7

Action                   || total
-------------------------++-------
Melee: War axe           ||   103
Armor: Scale mail        ||    52
Dodge: Dodged            ||    55
Block: Buckler           ||    21

Table legend: (Time is in decaauts)
 A = Elapsed time spent in this place.
 B = Non-inter-level travel time spent in this place.
 C = Inter-level travel time spent in this place.
 D = Time resting spent in this place.
 E = Time spent auto-exploring this place.
 F = Levels seen in this place.
 G = Mean time per level.
                   A        B        C        D        E       F      G
               +--------+--------+--------+--------+--------+-----+--------+
         Total |   1138 |   1114 |     24 |      0 |    870 |   2 |  569.0 |
       Dungeon |   1138 |   1114 |     24 |      0 |    870 |   2 |  569.0 |
               +--------+--------+--------+--------+--------+-----+--------+

Top non-repeatable levels by time:
     D:1: 693 daAuts
     D:2: 445 daAuts
